 Dungeon Crawl Stone Soup version 0.28.0-53-g5a82cb258f (webtiles) character file.

Game seed: 1387691764349057151

607 Zeld the Chiller (level 7, -5/46 HPs)
             Began as a Merfolk Ice Elementalist on May 21, 2022.
             Slain by a wyvern skeleton (9 damage)
             ... on level 6 of the Dungeon.
             The game lasted 00:05:25 (6510 turns).

Zeld the Chiller (Merfolk Ice Elementalist)         Turns: 6510, Time: 00:05:25

Health: -5/46      AC:  3    Str:  8    XL:     7   Next: 43%
Magic:  14/14      EV: 14    Int: 17    God:
Gold:   192        SH:  0    Dex: 14    Spells: 4/15 levels left

rFire   . . .      SeeInvis .   k - +1 whip (flame)
rCold   . . .      Faith    .   (no shield)
rNeg    . . .      Spirit   .   a - +0 robe
rPois   .          Reflect  .   (no helmet)
rElec   .          Harm     .   l - +0 cloak
rCorr   .          Rampage  .   (no gloves)
Will    .....                   (no boots)
Stlth   ++........              (no amulet)
HPRegen 0.15/turn               (no ring)
MPRegen 0.14/turn               (no ring)

@: no status effects
A: (nimble swimmer 2), mertail
a: no special abilities


You were on level 6 of the Dungeon.
You visited 1 branch of the dungeon, and saw 7 of its levels.

You collected 192 gold pieces.

Inventory:

Hand Weapons
 k - a +1 whip of flaming (weapon)
Armour
 a - a +0 robe (worn)
 l - a +0 cloak (worn)
Jewellery
 t - a ring of protection from fire
Wands
 p - a wand of mindburst (17)
Scrolls
 d - 7 scrolls of teleportation {unknown}
 g - 4 scrolls of magic mapping {unknown}
 m - a scroll of fog {unknown}
 n - 2 scrolls of identify {unknown}
 s - a scroll of vulnerability {unknown}
Potions
 b - a potion of brilliance {unknown}
 c - 3 potions of heal wounds {unknown}
 e - a potion of haste
 f - 2 potions of curing {unknown}
 h - a potion of invisibility {unknown}
 i - 2 potions of attraction {unknown}
 j - a potion of cancellation {unknown}
 o - a potion of lignification {unknown}
 q - 2 potions of magic {unknown}
 r - a potion of ambrosia {unknown}


   Skills:
 + Level 5.2 Dodging
 - Level 2.1 Stealth
 * Level 4.8 Spellcasting
 * Level 6.9 Ice Magic


You had 4 spell levels left.
You knew the following spells:

 Your Spells              Type           Power      Damage    Failure   Level
a - Freeze                Ice            100%       1d11      1%          1
b - Frozen Ramparts       Ice            54%        1d7       2%          3
c - Ozocubu's Armour      Ice            27%        N/A       2%          3
d - Hailstorm             Conj/Ice       15%        3d5       34%         4

Your spell library contained the following spells:

 Spells                   Type           Power      Damage    Failure   Level


Dungeon Overview and Level Annotations

Branches:
Dungeon (7/15)
 Temple: D:4-7

Altars:
Cheibriados

Annotations:
D:3 Grinder
D:7 exclusion: hydra


Innate Abilities, Weirdness & Mutations

((You are very nimble when in or above water. (Stealth+, EV+, Speed+++)))
Your lower body shifts to a powerful aquatic tail in water.


Message History

Reactivating autopickup.
You feel a bit more experienced.
You start resting.
The frozen ramparts melt away.
You start resting.
You hear a distant slurping noise.
Your icy armour starts to melt.
You start resting.
Your icy armour evaporates.
Magic restored.
HP restored.
A wyvern skeleton comes into view.
A wyvern skeleton is nearby!
A wyvern skeleton is nearby!
You hit the wyvern skeleton. You burn the wyvern skeleton.
The wyvern skeleton is lightly damaged.
The wyvern skeleton misses you.
You hit the wyvern skeleton. You burn the wyvern skeleton.
The wyvern skeleton is moderately damaged.
The wyvern skeleton bites you!
You hit the wyvern skeleton. You burn the wyvern skeleton.
The wyvern skeleton is heavily damaged.
The wyvern skeleton closely misses you. The wyvern skeleton barely misses you.
You hit the wyvern skeleton. You burn the wyvern skeleton.
The wyvern skeleton is heavily damaged.
The wyvern skeleton misses you.
You hit the wyvern skeleton. You burn the wyvern skeleton.
The wyvern skeleton is severely damaged.
The wyvern skeleton bites you! The wyvern skeleton bites you.
You hit the wyvern skeleton but do no damage.
The wyvern skeleton is severely damaged.
The wyvern skeleton bites you!
* * * LOW HITPOINT WARNING * * *
You are too injured to fight recklessly!
You hit the wyvern skeleton. You burn the wyvern skeleton.
The wyvern skeleton is almost destroyed.
The wyvern skeleton bites you!
* * * LOW HITPOINT WARNING * * *
The wyvern skeleton bites you!
You die...

#. ### .###.####.#
.......##.########
.................#
.....>....... ...#
.###...##.### #..#
.###...##.#####..#
.................#
.###......######@#
#...##.# #Z.#
#...##.# #....
#...##.. .....#
.......... .......
............
......... .###..
########.#..##..
#.#..# ..


You could see a wyvern skeleton.

Vanquished Creatures
  A sky beast (D:6)
  A centaur (D:7)
  An ogre (D:4)
  A water moccasin zombie (D:4)
  A hound (D:4)
  An orc wizard (D:4)
  Natasha (thrice) (D:3)
  An iguana (D:4)
  A hound skeleton (D:4)
  4 adders (D:2)
  An ufetubus (D:4)
  4 worms
  A dart slug (D:2)
  10 orcs (D:4)
  A bat (D:2)
  8 endoplasms
  A giant cockroach (D:4)
  6 goblins
  6 hobgoblins
  4 quokkas
  10 ball pythons
  4 frilled lizards
  4 kobolds
  A rat (D:3)
76 creatures vanquished.

Notes
Turn   | Place    | Note
-------+----------+-------------------------------------------
     0 | D:1      | Zeld the Merfolk Ice Elementalist began the quest for the
                  | Orb.
     0 | D:1      | Reached XP level 1. HP: 13/13 MP: 3/3
   465 | D:1      | Reached XP level 2. HP: 15/19 MP: 3/5
  1194 | D:1      | Found a faded altar of an unknown god.
  1452 | D:2      | Reached XP level 3. HP: 8/24 MP: 0/6
  1456 | D:2      | Learned a level 3 spell: Frozen Ramparts
  1460 | D:2      | Learned a level 3 spell: Ozocubu's Armour
  1849 | D:2      | Reached skill level 5 in Ice Magic
  2258 | D:2      | Reached XP level 4. HP: 30/30 MP: 2/8
  2793 | D:3      | Found a snail-covered altar of Cheibriados.
  3073 | D:3      | Noticed Grinder
  3076 | D:3      | Paralysed by Grinder for 3 turns
  3084 | D:3      | Paralysed by Grinder for 2 turns
  3224 | D:3      | Noticed Natasha
  3411 | D:3      | Killed Natasha
  3412 | D:3      | Reached XP level 5. HP: 19/35 MP: 3/9
  3569 | D:3      | Noticed Natasha
  3584 | D:3      | Killed Natasha
  4191 | D:4      | Reached XP level 6. HP: 39/41 MP: 3/11
  4354 | D:4      | Reached skill level 6 in Ice Magic
  4374 | D:3      | Noticed Natasha
  4570 | D:3      | Paralysed by Grinder for 2 turns
  4579 | D:3      | Killed Natasha
  5946 | D:4      | Reached XP level 7. HP: 46/46 MP: 13/13
  5997 | D:4      | Learned a level 4 spell: Hailstorm
  6023 | D:5      | Entered Level 5 of the Dungeon
  6058 | D:5      | You fall into a shaft and drop 2 floors!
  6122 | D:7      | Reached skill level 5 in Dodging
  6240 | D:7      | Noticed a four-headed hydra
  6510 | D:6      | Slain by a wyvern skeleton

Illustrated notes

Levels and vault maps discovered:
D:1:      dpeg_arrival_tiny_b, layout_loops_ring,
          shapermc_ecumenical_altar_acropolis, minmay_strange_pillars
D:2:      layout_basic, minmay_quantized
D:3:      layout_rooms, nicolae_overflow_hidden_temple, uniq_grinder,
          uniq_natasha
D:4:      layout_basic, kennysheep_generic_room_12
D:5:      layout_basic, trog_three_pillars_becter,
          mainiacjoe_overflow_catch_the_wave, minmay_temple_entry_arrows,
          hangedman_decor_riveting, chequers_serial_rivers_micro_e,
          grunt_ministairs_5, minmay_misc_feat_hallway,
          kennysheep_decorative_pillar
D:6:      layout_basic, lemuel_flamethrower_2, uniq_sigmund, uniq_menkaure
D:7:      layout_gridville

Skill      XL: |  1  2  3  4  5  6  7 |
---------------+----------------------+-----
Dodging        | 3 4 5 |  5.2
Ice Magic      | 5 6 |  6.9
Spellcasting   | 3 4 |  4.8
Stealth        | |  2.1

Action                   |  1- 3 |  4- 6 |  7- 9 || total
-------------------------+-------+-------+-------++-------
Melee: Unarmed           |    20 |       |       ||    20
       Whip              |       |    84 |     9 ||    93
       Punch             |       |     2 |       ||     2
 Cast: Freeze            |    45 |    51 |     7 ||   103
       Frozen Ramparts   |       |     4 |     1 ||     5
       Ozocubu's Armour  |       |     1 |     1 ||     2
 Stab: Sleeping          |       |     7 |       ||     7
Armor: Robe              |     8 |    19 |     7 ||    34
Dodge: Dodged            |    36 |    78 |    12 ||   126
